 Dungeon Crawl Stone Soup version 0.22.0-16-gc6d26f6 (webtiles) character file.

3169 sking99 the Skirmisher (level 9, -9/65 HPs)
             Began as an Octopode Transmuter on Aug 17, 2018.
             Was a Follower of Nemelex Xobeh.
             Mangled by Harold
             ... wielding a +0 halberd
              (20 damage)
             ... on level 7 of the Dungeon.
             The game lasted 00:18:06 (9137 turns).

sking99 the Skirmisher (Octopode Transmuter)        Turns: 9137, Time: 00:18:07

Health: -9/65      AC:  2    Str:  9    XL:     9   Next: 94%
Magic:  11/14      EV: 26    Int: 16    God:    Nemelex Xobeh [*.....]
Gold:   399        SH:  0    Dex: 20    Spells: 6/12 levels left

rFire    . . .     SeeInvis .     - Unarmed
rCold    . . .     Gourm    .   (shield currently unavailable)
rNeg     . . .     Faith    .   (helmet currently unavailable)
rPois    x         Spirit   .   (no amulet)
rElec    .         Reflect  .   (no ring)
rCorr    .         Harm     .   (no ring)
MR       .....                  (no ring)
Stlth    ++........             (no ring)
HPRegen  0.20/turn              (no ring)
MPRegen  0.14/turn              (no ring)
                                (no ring)
                                (no ring)

@: about to teleport, spider-form, marked
A: tiny, almost no armour, stealthy swim, (amphibious), 8 rings, (constrict 8)
a: End Transformation, Renounce Religion


You were on level 7 of the Dungeon.
You worshipped Nemelex Xobeh.
Nemelex Xobeh was aware of your devotion.
You were not hungry.
You were a venomous arachnid creature.
You visited 1 branch of the dungeon, and saw 7 of its levels.

You collected 399 gold pieces.

Inventory:

Missiles
 a - 110 arrows
 z - 2 throwing nets (quivered)
Jewellery
 B - a +2 ring of dexterity {unknown}
Wands
 r - a wand of scattershot (4)
 v - a wand of flame (23)
Scrolls
 b - 5 scrolls of teleportation
 d - a scroll of random uselessness {unknown}
 e - a scroll of immolation
 f - a scroll of enchant armour {unknown}
 g - a scroll of remove curse
 l - a scroll of noise {unknown}
 o - a scroll of amnesia {unknown}
 s - a scroll of enchant weapon {unknown}
 w - a scroll of fear {unknown}
 y - a scroll of fog {unknown}
Potions
 h - 6 potions of flight
 i - 2 potions of degeneration {unknown}
 j - 2 potions of ambrosia {unknown}
 k - a potion of resistance {unknown}
 p - a potion of heal wounds
 q - 2 potions of mutation
 t - a potion of brilliance {unknown}
 x - a potion of invisibility {unknown}
 A - a potion of magic {unknown}
 D - a potion of lignification {unknown}
Miscellaneous
 m - a plain deck of summoning {drawn: 1}
 n - a plain deck of summoning {drawn: 1}
 u - a plain deck of destruction {drawn: 1}
Comestibles
 c - 5 rations
 E - 2 chunks of flesh


   Skills:
 + Level 7.6 Fighting
 + Level 6.5 Dodging
 - Level 6.0 Unarmed Combat
 - Level 2.0 Spellcasting
 - Level 3.1 Transmutations
 - Level 2.0 Poison Magic
 + Level 7.6 Invocations


You had 6 spell levels left.
You knew the following spells:

 Your Spells              Type           Power        Failure   Level  Hunger
a - Beastly Appendage     Tmut           ##....       17%         1    #......
b - Sticks to Snakes      Tmut           ##......     22%         2    ###....
c - Spider Form           Tmut/Pois      #.........   43%         3    ###....

Your spell library contained the following spells:

 Spells                   Type           Power        Failure   Level  Hunger
 Blade Hands              Tmut           ##........   95%         5    ######.
 Ice Form                 Ice/Tmut       #.......     88%         4    #####..


Dungeon Overview and Level Annotations

Branches:
Dungeon (7/15)             Temple (0/1) D:6

Altars:
Dithmenos
Fedhas
Hepliaklqana
Kikubaaqudgha
Nemelex Xobeh
Okawaru
Trog
Uskayaw
Xom
Yredelemnul
Zin
The Shining One

Annotations:
D:7 Harold, Joseph


Innate Abilities, Weirdness & Mutations

You cannot wear most types of armour.
You are very stealthy in the water. (Stealth+)
((You are amphibious.))
You can wear up to eight rings at the same time.
((You can use your tentacles to constrict eight enemies at once.))
((Your skin changes colour to match your surroundings (Stealth+).))
((Your rubbery body absorbs attacks. (AC +1, EV +1)))


Message History

You feel much better.
Harold hits you from afar with a halberd!
The worker ant closely misses you.
Your basilisk bites the worker ant.
As you read the scroll of teleportation, it crumbles to dust.
You feel strangely unstable. Harold gestures at you while chanting.
The harpoon shot hits you!
* * * LOW HITPOINT WARNING * * *
You are yanked forward by the harpoon shot.
Your ice beast hits the worker ant.
Your ice beast freezes the worker ant!
The worker ant dies!
Joseph shoots a sling bullet.
The sling bullet closely misses you.
The sling bullet closely misses your quarterstaff of venom.
The sling bullet closely misses your basilisk.
An orc warrior comes into view. It is wielding a hand axe.
Harold misses you.
Joseph shoots a sling bullet.
The sling bullet hits your fire vortex!
Harold hits you from afar with a halberd!!
You die...
Your body glows slightly and disappears.

### .#######...##.......#
####.####+##.####.).##.......#
#....#.........#.......).....#
#....#.........#.....)..<...(#
#....#.........'..........(..#
#..#.##..###...##...###....###
####.##..########...########
#.............l(....#
#............s......#
#..........v..Y.....#
#..........@(Z......#
#.......@...........#
#......(......o.....#
##..##.####..##.#####
.....##)# #+## .# #..........#
.o #.......[..# ..


You could see Harold, Joseph, an orc warrior, an orc, a leopard gecko skeleton,
a friendly basilisk, a friendly fire vortex, a friendly ice beast and a friendly
quarterstaff of venom.

Vanquished Creatures
  Grinder (D:3)
  A hippogriff (D:6)
  An orc warrior (D:6)
  2 ice beasts
  A black bear (D:6)
  3 sky beasts
  3 centaurs
  4 ogres
  2 big kobolds
  A bullfrog (D:7)
  A scorpion (D:6)
  6 howler monkeys (D:7)
  3 bullfrog zombies (D:5)
  3 crimson imps
  A bullfrog skeleton (D:6)
  2 hounds
  A centaur skeleton (D:5)
  2 centaur zombies (D:5)
  A jelly (D:5)
  4 orc priests (D:6)
  4 orc wizards
  Jessica (D:3)
  An iguana (D:4)
  A worker ant (D:6)
  A killer bee zombie (D:5)
  2 hound zombies
  2 hound skeletons (D:5)
  A howler monkey zombie (D:5)
  4 worker ant zombies (D:5)
  Robin (D:2)
  9 gnolls
  2 howler monkey skeletons (D:5)
  3 adders
  2 shadow imps (D:6)
  An ooze (D:3)
  3 adder zombies (D:5)
  An adder skeleton (D:5)
  2 worms
  3 dart slugs
  6 leopard geckos
  14 orcs
  6 giant cockroaches
  17 goblins
  8 hobgoblins
  4 jackals
  2 quokkas
  2 ball pythons
  2 ball python zombies (D:5)
  3 bats
  7 frilled lizards
  2 giant cockroach zombies (D:5)
  20 kobolds
  4 leopard gecko zombies (D:5)
  2 quokka zombies (D:5)
  6 rats
192 creatures vanquished.

Vanquished Creatures (collateral kills)
  A worker ant (D:7)
1 creature vanquished.

Grand Total: 193 creatures vanquished

Notes
Turn   | Place    | Note
-------+----------+-------------------------------------------
     0 | D:1      | sking99 the Octopode Transmuter began the quest for the Orb.
     0 | D:1      | Reached XP level 1. HP: 13/13 MP: 3/3
   460 | D:1      | Reached XP level 2. HP: 18/18 MP: 5/5
  1473 | D:2      | Noticed Robin
  1607 | D:2      | Learned a level 2 spell: Sticks to Snakes
  1647 | D:2      | Reached XP level 3. HP: 23/23 MP: 6/6
  1665 | D:2      | Learned a level 3 spell: Spider Form
  1810 | D:2      | Killed Robin
  1810 | D:2      | Reached skill level 1 in Poison Magic
  2350 | D:2      | Reached XP level 4. HP: 27/28 MP: 7/7
  2819 | D:3      | Found a glowing silver altar of Zin.
  2820 | D:3      | Found a sparkling altar of Nemelex Xobeh.
  2829 | D:3      | Found an ancient bone altar of Kikubaaqudgha.
  2829 | D:3      | Found a glowing golden altar of the Shining One.
  2829 | D:3      | Found a basalt altar of Yredelemnul.
  2830 | D:3      | Found a hide-covered altar of Uskayaw.
  2830 | D:3      | Found a blossoming altar of Fedhas.
  2830 | D:3      | Found a shadowy altar of Dithmenos.
  2994 | D:3      | Became a worshipper of Nemelex Xobeh the Trickster
  3043 | D:3      | Found a bloodstained altar of Trog.
  3043 | D:3      | Found an iron altar of Okawaru.
  3088 | D:3      | Received a gift from Nemelex Xobeh
  3088 | D:3      | Noticed Jessica
  3102 | D:3      | Killed Jessica
  3274 | D:3      | Reached XP level 5. HP: 33/33 MP: 4/8
  3378 | D:3      | Noticed Grinder
  3382 | D:3      | Paralysed by Grinder for 7 turns
  3405 | D:3      | Killed Grinder
  3405 | D:3      | Reached skill level 5 in Unarmed Combat
  3405 | D:3      | Reached XP level 6. HP: 19/42 MP: 0/9
  3701 | D:3      | Reached skill level 1 in Invocations
  4011 | D:4      | Received a gift from Nemelex Xobeh
  4392 | D:4      | Noticed a sky beast
  4416 | D:4      | Received a gift from Nemelex Xobeh
  4574 | D:5      | Entered Level 5 of the Dungeon
  4667 | D:5      | Reached XP level 7. HP: 39/46 MP: 6/10
  5394 | D:5      | Reached * piety under Nemelex Xobeh
  5736 | D:5      | Reached XP level 8. HP: 48/54 MP: 7/11
  5969 | D:5      | Reached skill level 5 in Fighting
  6929 | D:6      | Received a gift from Nemelex Xobeh
  6993 | D:6      | Reached skill level 5 in Invocations
  7240 | D:6      | Found a staircase to the Ecumenical Temple.
  7585 | D:6      | Reached XP level 9. HP: 57/62 MP: 10/13
  7630 | D:6      | Reached skill level 5 in Dodging
  8184 | D:6      | Found a hazy altar of Hepliaklqana.
  8185 | D:6      | Found a shimmering altar of Xom.
  8185 | D:6      | Noticed a tentacled monstrosity
  8186 | D:6      | Noticed a tentacled monstrosity
  8186 | D:6      | Noticed a spectral ugly thing
  9120 | D:7      | Noticed Harold
  9121 | D:7      | Noticed Joseph
  9137 | D:7      | Mangled by Harold

Skill      XL: |  1  2  3  4  5  6  7  8  9 |
---------------+----------------------------+-----
Unarmed Combat | 4 5 6 |  6.0
Poison Magic   | 1 2 |  2.0
Transmutations | 3 |  3.1
Fighting       | 3 4 6 7 |  7.6
Invocations    | 1 3 5 7 |  7.6
Dodging        | 4 6 |  6.5
Spellcasting   | |  2.0

Action                   |  1- 3 |  4- 6 |  7- 9 || total
-------------------------+-------+-------+-------++-------
Melee: Unarmed           |    91 |   101 |   422 ||   614
       Constrict         |    21 |    23 |    39 ||    83
       Tentacles         |     7 |    13 |    31 ||    51
       Punch             |     2 |     1 |    11 ||    14
 Cast: Spider Form       |     3 |     4 |    30 ||    37
       Sticks to Snakes  |       |     3 |       ||     3
Evoke: Deck              |       |     4 |     3 ||     7
  Use: Potion            |     1 |       |     4 ||     5
       Scroll            |       |     2 |     5 ||     7
 Stab: Sleeping          |     7 |     6 |     5 ||    18
       Distracted        |     1 |     1 |     1 ||     3
  Eat: Chunk             |     5 |     4 |    12 ||    21
       Ration            |       |     1 |     2 ||     3
Armor: Skin              |     2 |     4 |    13 ||    19
Dodge: Dodged            |    68 |    51 |   375 ||   494
